 Dungeon Crawl Stone Soup version 0.17-a0-1373-g64d4c99 (webtiles) character file.

8914 nuthulu the Thaumaturge (level 11, -12/54 HPs)
             Began as a Deep Elf Fire Elementalist on June 13, 2015.
             Was a Priest of Vehumet.
             Mangled by Aiteri's ghost (25 damage)
             ... on level 1 of the Lair of Beasts.
             The game lasted 01:04:13 (12428 turns).

nuthulu the Thaumaturge (DEFE)                     Turns: 12428, Time: 01:04:14

Health: -12/54     AC:  9    Str:  7    XL:     11   Next: 16%
Magic:  2/39       EV: 17    Int: 29    God:    Vehumet [***...]
Gold:   338        SH:  6    Dex: 20    Spells: 8 memorised, 6 levels left

rFire  . . .     SeeInvis .     (no weapon)
rCold  x . .     Clarity  .     t - +2 robe of the Known World {rC- MR++ MP+9 Str+2}
rNeg   + . .     SustAt   .     d - +2 buckler
rPois  .         Gourm    .     (no helmet)
rElec  .         Spirit   .     B - +0 cloak
rCorr  .         Warding  .     (no gloves)
rMut   .         Stasis   .     u - +1 pair of boots
MR     +++..                    (no amulet)
Stlth  ++++......               G - +2 ring of protection
                                y - ring of positive energy

@: brilliant, agile, extremely resistant to hostile enchantments, stealthy
A: no striking features
a: Renounce Religion


You were on level 1 of the Lair of Beasts.
You worshipped Vehumet.
Vehumet was most pleased with you.
You were not hungry.

You visited 3 branches of the dungeon, and saw 11 of its levels.

You collected 463 gold pieces.
You spent 125 gold pieces at shops.

Inventory:

Armour
 a - a +0 robe
 d - a +2 buckler (worn)
 t - the +2 robe of the Known World (worn) {rC- MR++ MP+9 Str+2}
   (You bought it in a shop on level 4 of the Dungeon)

   It affects your strength (+2).
   It makes you vulnerable to cold.
   It affects your resistance to hostile enchantments.
   It affects your magic capacity (+9).
 u - a +1 pair of boots (worn)
 B - a +0 cloak (worn)
Jewellery
 f - a +3 ring of slaying
 w - a +3 ring of strength
 y - a ring of positive energy (left hand)
 z - an uncursed ring of stealth
 G - a +2 ring of protection (right hand)
Magical devices
 p - a wand of polymorph (10)
 x - a wand of fire (5)
 E - a wand of teleportation (5)
 H - a wand of confusion (10)
Scrolls
 i - 4 scrolls of amnesia
 m - a scroll of fog
 o - 7 scrolls of remove curse
 A - a scroll of enchant weapon
 D - a scroll of identify
 F - a scroll of teleportation
Potions
 h - 3 potions of flight
 j - 3 potions of curing
 k - a potion of cure mutation {unknown}
 l - 2 potions of agility
 n - a potion of lignification {unknown}
 q - a potion of mutation {unknown}
 s - a potion of poison {unknown}
 v - 2 potions of might
Books
 b - a book of Flames

   Spells                             Type                      Level
   a - Flame Tongue                   Conjuration/Fire             1
   b - Throw Flame                    Conjuration/Fire             2
   c - Conjure Flame                  Conjuration/Fire             3
   d - Inner Flame                    Hexes/Fire                   3
   e - Sticky Flame                   Conjuration/Fire             4
   f - Fireball                       Conjuration/Fire             5
 C - a book of Annihilations {highlevel}

   Spells                             Type                      Level
   a - Poison Arrow                   Conjuration/Poison           6
   b - Chain Lightning                Conjuration/Air              8
   c - Lehudib's Crystal Spear        Conjuration/Earth            8
   d - Glaciate                       Conjuration/Ice              9
   e - Fire Storm                     Conjuration/Fire             9
 I - a book of Dreams

   Spells                             Type                      Level
   a - Ensorcelled Hibernation        Hexes/Ice                    2
   b - Phase Shift                    Translocation                5
   c - Shadow Creatures               Summoning                    5
   d - Silence                        Hexes/Air                    5
   e - Mass Confusion                 Hexes                        6
   f - Darkness                       Hexes                        7
Comestibles
 c - a bread ration
 r - 3 meat rations
 J - 9 royal jellies
 K - 3 fruits
 L - a beef jerky
 M - a chunk of flesh


   Skills:
 - Level 2.4 Dodging
 - Level 2.4 Stealth
 + Level 13.0 Spellcasting
 + Level 10.9 Conjurations
 * Level 11.4 Fire Magic


You had 6 spell levels left.
You knew the following spells:

 Your Spells              Type           Power        Failure   Level  Hunger
a - Flame Tongue          Conj/Fire      #####        1%          1    None
b - Throw Flame           Conj/Fire      ######       1%          2    None
c - Conjure Flame         Conj/Fire      #######.     1%          3    None
d - Sticky Flame          Conj/Fire      #######.     1%          4    None
e - Fireball              Conj/Fire      #######...   1%          5    ##.....
f - Inner Flame           Hex/Fire       ######..     1%          3    None
g - Fire Storm            Conj/Fire      #######...   99%         9    #######
h - Static Discharge      Conj/Air       ######..     1%          3    None


Dungeon Overview and Level Annotations

Branches:
Dungeon (9/15)             Temple (1/1) D:7            Lair (1/8) D:9
    Orc (0/4) D:9

Altars:
Ashenzari
Cheibriados
Dithmenos
Fedhas
Gozag
Kikubaaqudgha
Makhleb
Nemelex Xobeh
Qazlal
Ru
Vehumet
Xom
Yredelemnul
Zin
The Shining One

Shops:
D:4 *(}   D:5 =   D:9 (

Annotations:
D:5 Baka's ghost, average SpTm
Lair:1 Aiteri's ghost, powerful HOFi


Message History

Press: ? - help, Shift-Dir - straight line, f/p - Aiteri's ghost
Aim: Aiteri's ghost (moderately damaged)
The sticky flame hits Aiteri's ghost.
Aiteri's ghost is heavily damaged.
Aiteri's ghost hits you!
* * * LOW HITPOINT WARNING * * *
Casting: Sticky Flame
Confirm with . or Enter, or press ? or * to list all spells.
Aiming: Sticky Flame
Press: ? - help, Shift-Dir - straight line, f/p - Aiteri's ghost
Aim: Aiteri's ghost (heavily damaged)
The sticky flame hits Aiteri's ghost.
Aiteri's ghost appears unharmed.
Aiteri's ghost is heavily damaged.
You block Aiteri's ghost's attack.
Casting: Sticky Flame
Confirm with . or Enter, or press ? or * to list all spells.
You don't have enough magic to cast that spell.
Unknown command.
Aiteri's ghost hits you!!
You die...

## ###
###########P##.###
#......$..........
#.................
#.................
##@..P#..........#.
#.W..##........l##
##...# .........#
#...# .....)....#
#...# .........##
#...# .......W.#
#...# .........#
#...# ..S......#
#...# .........#


You could see Aiteri's ghost.

Vanquished Creatures
  5 skeletal warriors (D:8)
  An elephant (D:9)
  A troll (D:5)
  A two-headed ogre (D:4)
  A deep elf mage (D:9)
  3 hippogriffs
  2 soldier ants (D:9)
  Menkaure (D:7)
  A steam dragon (D:9)
  A water moccasin (Lair:1)
  Duvessa (D:4)
  2 porcupines (Lair:1)
  2 black bears (D:9)
  3 orc warriors
  A sky beast (D:7)
  A spider (D:9)
  3 centaurs
  2 phantoms
  3 ice beasts (D:9)
  3 ogres
  A big kobold (D:8)
  A brain worm (D:9)
  A crocodile (D:9)
  Dowan (D:4)
  10 scorpions
  3 giant frogs
  5 wights (D:7)
  3 hounds
  A crimson imp (D:8)
  A centaur skeleton (D:9)
  2 giant frog skeletons
  A giant frog zombie (D:8)
  4 iguanas
  3 jellies
  8 orc wizards
  5 orc priests
  5 worker ants
  Natasha (D:3)
  A sheep (D:9)
  A hound skeleton (D:8)
  10 adders
  7 river rats (Lair:1)
  2 shadow imps
  3 oozes
  An adder zombie (D:9)
  2 worms (D:2)
  An adder skeleton (D:8)
  5 giant geckos
  54 orcs
  A ball python (D:3)
  18 bats
  2 bat skeletons
  A bat zombie (D:8)
  5 giant cockroaches
  16 goblins
  15 hobgoblins
  21 jackals
  6 quokkas
  6 giant newts
  18 kobolds
  15 rats
305 creatures vanquished.

Vanquished Creatures (others)
  An iguana (D:4)
  A fungus (D:4)
  7 plants (D:9)
9 creatures vanquished.

Grand Total: 314 creatures vanquished

Notes
Turn   | Place    | Note
--------------------------------------------------------------
     0 | D:1      | nuthulu the Deep Elf Fire Elementalist began the quest for the Orb.
     0 | D:1      | Reached XP level 1. HP: 10/10 MP: 6/6
   136 | D:1      | Reached XP level 2. HP: 15/15 MP: 5/8
   172 | D:1      | Learned a level 2 spell: Throw Flame
  1026 | D:1      | Reached XP level 3. HP: 19/19 MP: 5/10
  1037 | D:1      | Learned a level 3 spell: Conjure Flame
  1450 | D:2      | Reached skill level 4 in Fire Magic
  2043 | D:2      | Reached XP level 4. HP: 24/24 MP: 8/12
  2112 | D:2      | Learned a level 4 spell: Sticky Flame
  2561 | D:3      | Found a faded altar to an unknown god.
  2797 | D:3      | Found a basalt altar of Yredelemnul.
  2814 | D:3      | You fall through a shaft!
  2836 | D:4      | Reached XP level 5. HP: 25/28 MP: 5/14
  2970 | D:4      | Noticed a two-headed ogre
  2980 | D:4      | Killed a two-headed ogre
  2980 | D:4      | Reached skill level 5 in Spellcasting
  2980 | D:4      | Reached skill level 5 in Fire Magic
  2980 | D:4      | Reached XP level 6. HP: 32/32 MP: 5/16
  2987 | D:4      | Learned a level 5 spell: Fireball
  3256 | D:4      | Noticed an ogre
  3259 | D:4      | Killed an ogre
  3259 | D:4      | Reached skill level 6 in Spellcasting
  3384 | D:4      | Found Huckuiz's Weapon Boutique.
  3421 | D:4      | Found Eguj's Assorted Antiques.
  3431 | D:4      | Bought a silken robe for 125 gold pieces
  3441 | D:4      | Identified the +2 robe of the Known World {rC- MR++ MP+9 Str+2} (You bought it in a shop on level 4 of the Dungeon)
  3790 | D:4      | Noticed an ogre
  3792 | D:4      | Reached XP level 7. HP: 36/36 MP: 18/18
  3811 | D:4      | Killed an ogre
  4063 | D:4      | Reached skill level 5 in Conjurations
  4283 | D:4      | Noticed Duvessa
  4293 | D:4      | Killed Duvessa
  4293 | D:4      | Reached skill level 7 in Spellcasting
  4332 | D:4      | Noticed Dowan
  4343 | D:4      | Killed Dowan
  4490 | D:4      | Found Joil's Gadget Boutique.
  4667 | D:4      | Reached XP level 8. HP: 41/41 MP: 21/21
  5169 | D:3      | Noticed Natasha
  5172 | D:3      | Killed Natasha
  5286 | D:3      | Found an opulent altar of Gozag.
  5288 | D:3      | Found a glowing silver altar of Zin.
  5354 | D:5      | Entered Level 5 of the Dungeon
  5573 | D:5      | Found Diffalom's Jewellery Shop.
  5623 | D:5      | Noticed Baka's ghost (average SpTm)
  5710 | D:5      | Found a shimmering altar of Xom.
  5719 | D:5      | Found a shimmering altar of Xom.
  5719 | D:5      | Found a shimmering altar of Xom.
  5720 | D:5      | Found a shimmering altar of Xom.
  5784 | D:5      | Reached skill level 8 in Spellcasting
  5809 | D:5      | Learned a level 3 spell: Inner Flame
  6089 | D:5      | Found a glowing golden altar of the Shining One.
  6103 | D:5      | Noticed a troll
  6111 | D:5      | Killed a troll
  6111 | D:5      | Reached skill level 9 in Spellcasting
  7481 | D:7      | Reached XP level 9. HP: 35/45 MP: 15/24
  7766 | D:7      | Found a shattered altar of Ashenzari.
  7856 | D:7      | Noticed Menkaure
  7858 | D:7      | Killed Menkaure
  7861 | D:7      | Found a staircase to the Ecumenical Temple.
  7871 | D:7      | Reached skill level 10 in Spellcasting
  7875 | Temple   | Entered the Ecumenical Temple
  8102 | Temple   | Became a worshipper of Vehumet
  9245 | D:8      | Acquired Vehumet's first power
  9245 | D:8      | Offered knowledge of Freeze by Vehumet.
  9335 | D:8      | Found a shadowy altar of Dithmenos.
  9441 | D:8      | Noticed a skeletal warrior
  9472 | D:8      | Noticed a skeletal warrior
  9477 | D:8      | Noticed a skeletal warrior
  9486 | D:8      | Noticed a skeletal warrior
  9491 | D:8      | Noticed a skeletal warrior
  9620 | D:9      | Noticed an elephant
  9640 | D:9      | Killed an elephant
  9640 | D:9      | Reached skill level 11 in Spellcasting
  9640 | D:9      | Reached XP level 10. HP: 21/50 MP: 15/27
  9836 | D:9      | Reached skill level 10 in Fire Magic
  9951 | D:9      | Found a staircase to the Lair.
  9968 | D:9      | Found a staircase to the Orcish Mines.
  9968 | D:9      | Found Vuowat's Weapon Shoppe.
 10156 | D:9      | Found a blossoming altar of Fedhas.
 10348 | D:9      | Offered knowledge of Shock by Vehumet.
 11067 | D:8      | Found a snail-covered altar of Cheibriados.
 11071 | D:8      | Found a sparkling altar of Nemelex Xobeh.
 11076 | D:8      | Killed a skeletal warrior
 11076 | D:8      | Reached skill level 12 in Spellcasting
 11076 | D:8      | Reached skill level 10 in Conjurations
 11079 | D:8      | Killed a skeletal warrior
 11095 | D:8      | Learned a level 9 spell: Fire Storm
 11249 | D:8      | Killed a skeletal warrior
 11249 | D:8      | Offered knowledge of Static Discharge by Vehumet.
 11337 | D:8      | Killed a skeletal warrior
 11337 | D:8      | Reached XP level 11. HP: 54/54 MP: 8/29
 11586 | D:8      | Found an ancient bone altar of Kikubaaqudgha.
 11590 | D:8      | Found a blossoming altar of Fedhas.
 11756 | D:8      | Learned a level 3 spell: Static Discharge
 11819 | D:8      | Killed a skeletal warrior
 11819 | D:8      | Acquired Vehumet's second power
 12149 | D:8      | Found a burning altar of Makhleb.
 12278 | Lair:1   | Entered Level 1 of the Lair of Beasts
 12321 | Lair:1   | Reached skill level 13 in Spellcasting
 12371 | Lair:1   | Noticed Aiteri's ghost (powerful HOFi)
 12428 | Lair:1   | Mangled by Aiteri's ghost

Vault maps used:
D:1:      dpeg_arrival_fog
D:3:      grunt_temple_overflow_gold_and_silver, nicolae_overflow_crystal_walls,
          ecumenical_altar_1, uniq_natasha
D:4:      old_forge, first_bread, serial_shops, shop, shop,
          nicolae_shop_overgrown_old_shop, serial_curves, eino_curves_04,
          eino_curves_04, eino_curves_04, uniq_duvessa
D:5:      xom_redecorated, basic_altar, serial_shops, nicolae_shop_statue_plus
D:7:      nicolae_ashenzari_panopticon, minmay_temple_entry_butterflies,
          uniq_menkaure
D:8:      grunt_temple_overflow_growth_and_decay,
          nicolae_dithmenos_shadow_blocks, makhleb_grotto_becter, minitemple
D:9:      david_lair_generic, orc_david_3, hangedman_pestilent_swarm,
          fedhas_altar_decomposition
Temple:   minmay_temple_curvy_8

Action                   |  1- 3 |  4- 6 |  7- 9 | 10-12 || total
-------------------------+-------+-------+-------+-------++-------
Melee: Unarmed           |       |     1 |    15 |     4 ||    20
 Cast: Flame Tongue      |    97 |    80 |   293 |   151 ||   621
       Conjure Flame     |     1 |     4 |    21 |     9 ||    35
       Throw Flame       |       |     1 |    15 |    19 ||    35
       Sticky Flame      |       |       |    14 |    34 ||    48
       Fireball          |       |       |     6 |     7 ||    13
       Inner Flame       |       |       |     2 |       ||     2
       Static Discharge  |       |       |       |     3 ||     3
Evoke: Wand              |       |       |     4 |       ||     4
  Use: Scroll            |     9 |     1 |     7 |     4 ||    21
       Potion            |     1 |       |     3 |     5 ||     9
  Eat: Chunk             |     3 |     5 |     4 |     1 ||    13
       Beef jerky        |       |     1 |     1 |     2 ||     4
       Bread ration      |       |       |     3 |     1 ||     4
       Pizza             |       |       |       |     1 ||     1
